 Dungeon Crawl Stone Soup version 0.29-a0-275-g389c0b56f3 (webtiles) character file.

Game seed: 11352727579482006511

28 jmlagarto the Poker (level 3, 0/30 HPs)
             Began as a Merfolk Cinder Acolyte on Mar 11, 2022.
             Was a High Priest of Ignis.
             Slain by Terence
             ... wielding a +0 trident
              (5 damage)
             ... on level 2 of the Dungeon.
             The game lasted 00:05:37 (1804 turns).

jmlagarto the Poker (Merfolk Cinder Acolyte)        Turns: 1804, Time: 00:05:37

Health: 0/30       AC:  9    Str: 14    XL:     3   Next: 12%
Magic:  1/4        EV: 11    Int: 15    God:    Ignis [*****.]
Gold:   94         SH:  0    Dex:  9    Spells: 2/4 levels left

rFire   + . .      SeeInvis .   a - -1 spear (flame)
rCold   . . .      Faith    .   (no shield)
rNeg    . . .      Spirit   .   b - +0 robe
rPois   .          Reflect  .   (no helmet)
rElec   .          Harm     .   (no cloak)
rCorr   .          Rampage  .   (no gloves)
Will    .....                   (no boots)
Stlth   +.........              (no amulet)
HPRegen 0.10/turn               (no ring)
MPRegen 0.09/turn               (no ring)

@: fiery-armoured
A: (nimble swimmer 2), mertail
a: Renounce Religion, Fiery Armour, Foxfire Swarm, Rising Flame


You were on level 2 of the Dungeon.
You worshipped Ignis.
Ignis was extremely pleased with you.
You visited 1 branch of the dungeon, and saw 2 of its levels.

You collected 94 gold pieces.

Inventory:

Hand Weapons
 a - a -1 spear of flaming (weapon)
Armour
 b - a +0 robe (worn)
Scrolls
 e - a scroll of amnesia


   Skills:
 + Level 3.8 Fighting
 + Level 4.4 Polearms
 + Level 1.2 Dodging
 - Level 0.4 Stealth
 + Level 1.0 Spellcasting
 + Level 2.3 Fire Magic


You had 2 spell levels left.
You knew the following spells:

 Your Spells              Type           Power      Damage    Failure   Level
a - Scorch                Fire           14%        2d6       14%         2

Your spell library contained the following spells:

 Spells                   Type           Power      Damage    Failure   Level
 Gell's Gravitas          Tloc           0%         N/A       58%         3
 Teleport Other           Tloc           0%         N/A       58%         3
 Dispersal                Tloc           0%         N/A       100%        6


Dungeon Overview and Level Annotations

Branches:
Dungeon (2/15)

Altars:

Annotations:
D:2 Terence


Innate Abilities, Weirdness & Mutations

((You are very nimble when in or above water. (Stealth+, EV+, Speed+++)))
Your lower body shifts to a powerful aquatic tail in water.


Message History

Aim: a bat (about 56% to evade your -1 spear of flaming)
You hit the bat but do no damage. The bat hits you but does no damage.
Terence hits you from afar with a +0 trident.
The bat misses you.
Reach: a) -1 spear (flame)
Press: ? - help, Dir - move target, f/p - bat
Aim: a bat (about 56% to evade your -1 spear of flaming)
You hit the bat but do no damage. The bat closely misses you.
Terence hits you from afar with a +0 trident.
Reach: a) -1 spear (flame)
Press: ? - help, Dir - move target, f/p - bat
Aim: a bat (about 56% to evade your -1 spear of flaming)
You hit the bat. You burn the bat.
You kill the bat!
Terence is no longer more vulnerable to fire.
Terence barely misses you.
Reach: a) -1 spear (flame)
Press: ? - help, Dir - move target, f - Terence
Aim: Terence, wielding a +0 trident and wearing a +4 chain mail of willpower (moderately wounded, about 33% to evade your -1 spear of flaming)
You reach to attack!
You hit Terence but do no damage.
Terence is moderately wounded.
Terence hits you from afar with a +0 trident!
A protective cloak of flame settles atop you.
Terence barely misses you. Terence hits you with a +0 trident.
* * * LOW HITPOINT WARNING * * *
Terence is burned by your cloak of flames.
Terence is moderately wounded.
You barely miss Terence.
Terence is moderately wounded.
Terence misses you.
You hit Terence. You burn Terence.
Terence is severely wounded.
Terence hits you but does no damage.
Terence is burned by your cloak of flames.
Terence is almost dead.
You barely miss Terence.
Terence is almost dead.
Terence hits you with a +0 trident.
You die...

#)# #....... #.#....#
#....... #>.....#
####'### ........# #.#
........# #.# ##.##..##
#.# .......# #.#
.#@#...# ####.# #@#...#
#....#
#.#...#####.######
#.................
......####.#####.##)###
.....$ #.## #.##.#
...... #..# #.##.#
...... ##.## #.##.##
...... #..# #.....#
...... ##.######..#


You could see Terence.

Vanquished Creatures
  A worm (D:2)
  5 ball pythons
  2 endoplasms (D:1)
  A giant cockroach (D:2)
  5 goblins
  A hobgoblin (D:1)
  A kobold (D:1)
  4 bats
  2 frilled lizards (D:1)
  A rat (D:2)
23 creatures vanquished.

Notes
Turn   | Place    | Note
-------+----------+-------------------------------------------
     0 | D:1      | jmlagarto the Merfolk Cinder Acolyte began the quest for
                  | the Orb.
     0 | D:1      | Reached XP level 1. HP: 18/18 MP: 2/2
   370 | D:1      | Reached XP level 2. HP: 10/24 MP: 3/3
   611 | D:1      | Reached skill level 1 in Dodging
  1365 | D:2      | Noticed Terence
  1550 | D:2      | Reached XP level 3. HP: 17/30 MP: 4/4
  1553 | D:2      | Learned a level 2 spell: Scorch
  1804 | D:2      | Slain by Terence

Illustrated notes

Levels and vault maps discovered:
D:1:      minmay_arrival_five_plusses, layout_basic
D:2:      layout_basic, hex_tiny, uniq_terence, uniq_sigmund

Skill      XL: |  1  2 |
---------------+-------+-----
Dodging        | 1 |  1.2
Fighting       | |  3.8
Polearms       | |  4.4
Stealth        | |  0.4
Spellcasting   | |  1.0
Fire Magic     | |  2.3

Action                   || total
-------------------------++-------
Melee: Spear             ||   100
 Cast: Scorch            ||     2
Invok: Fiery Armour      ||     1
  Use: Scroll            ||     3
 Stab: Sleeping          ||     2
Armor: Robe              ||    11
Dodge: Dodged            ||    49

Table legend: (Time is in decaauts)
 A = Elapsed time spent in this place.
 B = Non-inter-level travel time spent in this place.
 C = Inter-level travel time spent in this place.
 D = Time resting spent in this place.
 E = Time spent auto-exploring this place.
 F = Levels seen in this place.
 G = Mean time per level.
                   A        B        C        D        E       F      G
               +--------+--------+--------+--------+--------+-----+--------+
         Total |   1793 |   1773 |     20 |      0 |   1569 |   2 |  896.5 |
       Dungeon |   1793 |   1773 |     20 |      0 |   1569 |   2 |  896.5 |
               +--------+--------+--------+--------+--------+-----+--------+

Top non-repeatable levels by time:
     D:1: 1442 daAuts
     D:2: 351 daAuts
